 Dungeon Crawl Stone Soup version 0.30-a0-475-g03497ec522 (webtiles) character file.

Game seed: 1139889506711919432

343 kae the Firebug (level 6, -3/32 HPs)
             Began as a Tengu Fire Elementalist on Dec 20, 2022.
             Was a Follower of Vehumet.
             Engulfed by a cloud of flame (6 damage)
             ... on level 4 of the Dungeon.
             The game lasted 00:05:58 (4874 turns).

kae the Firebug (Tengu Fire Elementalist)           Turns: 4874, Time: 00:05:58

Health: -3/32      AC: 10    Str:  8    XL:     6   Next: 57%
Magic:  0/11       EV: 14    Int: 18    God:    Vehumet [*.....]
Gold:   132        SH:  0    Dex: 14    Spells: 1/11 levels left

rFire   . . .      SeeInvis .    f - +3 dagger (protect)
rCold   . . .      Faith    .    (no shield)
rNeg    . . .      Spirit   +    a - +1 robe
rPois   .          Reflect  .    (helmet restricted)
rElec   .          Harm     .    (no cloak)
rCorr   .          Rampage  .    (no gloves)
Will    .....                    (boots unavailable)
Stlth   ++........               G - amulet of guardian spirit
HPRegen 0.25/turn                Z - ring of wizardry
MPRegen 0.12/turn                (no ring)

@: under a protective aura, flying quickly and evasively, quick
A: beak, talons 3, nimble flight
a: Renounce Religion


You were on level 4 of the Dungeon.
You worshipped Vehumet.
Vehumet was aware of your devotion.
You visited 1 branch of the dungeon, and saw 5 of its levels.

You collected 246 gold pieces.
You spent 114 gold pieces at shops.


Innate Abilities, Weirdness & Mutations

You have a beak for a mouth.
You have claws for feet.
Your magical nature lets you fly swiftly and evasively.


   Skills:
 - Level 2.1 Dodging
 - Level 2.0 Stealth
 + Level 3.2 Spellcasting
 * Level 5.4 Conjurations
 * Level 5.5 Fire Magic


You had one spell level left.
You knew the following spells:

 Your Spells              Type           Power      Damage    Failure   Level
a - Foxfire               Conj/Fire      88%        2x1d8     1%          1
b - Scorch                Fire           44%        2d7       1%          2
c - Inner Flame           Hex/Fire       12%        N/A       6%          3
d - Flame Wave            Conj/Fire      22%        2d8       7%          4

Your spell library contained the following spells:

 Spells                   Type           Power      Damage    Failure   Level
 Sandblast                Erth           4%         2d4       6%          1
 Kindle Blastsparks       Fire/Tloc/Air  18%        2d11      9%          3
 Portal Projectile        Hex/Tloc       4%         N/A       19%         3
 Tukima's Dance           Hex            2%         N/A       19%         3
 Blade Hands              Tmut           1%         N/A       85%         5

Inventory:

Hand Weapons
 f - a +3 dagger of protection (weapon)
   (You took it off a goblin on level 1 of the Dungeon)
Missiles
 b - 3 atropa-tipped darts
 e - 33 stones
 h - 2 throwing nets {=f!f}
 k - 5 javelins
 o - 6 boomerangs
Armour
 a - a +1 robe (worn)
Magical Staves
 i - a staff of death {!a}
   (You found it on level 4 of the Dungeon)
Jewellery
 G - an amulet of guardian spirit (around neck)
   (You found it on level 2 of the Dungeon)
 Z - a ring of wizardry (left hand)
   (You found it on level 3 of the Dungeon)
Scrolls
 c - a scroll of enchant armour
 m - a scroll of torment {!r}
 n - a scroll of blinking {!r}
 p - 2 scrolls of identify {@r1}
Potions
 l - 2 potions of curing {@q1}
 r - a potion of attraction {!q}

Dungeon Overview and Level Annotations

Branches:
Dungeon (5/15) Zot: 25292
 Temple: D:4-7

Altars:
Vehumet
Zin

Shops:
D:3 ?

Annotations:
D:3 3 runed translucent doors, HoaS's ghost, amateur KoHu

##'####### #.# #.####
#........# #.# #.#
#..#####.# #.# #.#
#..## #<# #.# #.#
##...## #.# #.# #.#
#.....# #.# #.#
#.#### ##....# #.#
#ยง# #.....
####..#.###.####ยง#
######
......#........ยง@#
####........######
##.####### #.# #.#
#####.# #########
....#.# #.##_..8#
....#.#####.##....###
............##....'.#


There were no monsters in sight!


Message History

๐Ÿ˜จ MP[+1] ๐Ÿ˜จ HP[+1]
There is a stone staircase leading up here.
You fly upwards.
Level annotation: Pikel
There is a stone staircase leading down, spattered with blood here. ๐Ÿ˜จ HP[+1]
The sentinel's mark upon you fades away.
There is a stone staircase leading up here. ๐Ÿ˜ฎ HP[+7] MP[+4]
You regained 7 hp, and now have 21/32 hp.
You regained 4 mp, and now have 9/11 mp.
You fly upwards.
Level annotation: 3 runed translucent doors, HoaS's ghost, amateur KoHu
There is a stone staircase leading down here. ๐Ÿ˜ฎ HP[+1]
You start resting. ๐Ÿ˜• HP[+3] MP[+2]
You regained 3 hp, and now have 25/32 hp.
Your mp is fully restored (11).
You start resting. ๐Ÿ˜• HP[+2]
You regained 2 hp, and now have 27/32 hp.
You start resting. ๐Ÿ˜Ž HP[+5]
Your hp is fully restored (32).
You fly downwards.
Level annotation: Pikel
There is a stone staircase leading up here.
Pikel is nearby!
You can't go down here!
You aren't carrying any items that you can evoke.
Unknown command.
Okay, then.
Okay, then.
Casting: Foxfire (safe; 1% risk of failure)
Confirm with . or Enter, or press ? or * to list all spells.
You can't see any susceptible monsters within range! (Use Z to cast anyway.) Unknown command.
You start waiting.
Pikel is nearby!
Casting: Foxfire (safe; 1% risk of failure)
Confirm with . or Enter, or press ? or * to list all spells.
Aiming: Inner Flame (dangerous; 6% risk of failure)
Press: ? - help, Dir - move target, f - Pikel
Aim: Pikel, wielding a +1 whip of electrocution and wearing a +0 robe (chance to affect: 64%) Pikel struggles to resist. ๐Ÿ˜Ž MP[-3]
You lost 3 mp, and now have 8/11 mp.
Casting: Inner Flame (dangerous; 6% risk of failure)
Confirm with . or Enter, or press ? or * to list all spells.
Aiming: Inner Flame (dangerous; 6% risk of failure)
Press: ? - help, Dir - move target, f/p - Pikel
Aim: Pikel, wielding a +1 whip of electrocution and wearing a +0 robe (chance to affect: 64%) Pikel is filled with an inner flame. ๐Ÿ˜Ž MP[-3]
You lost 3 mp, and now have 5/11 mp.
Casting: Inner Flame (dangerous; 6% risk of failure)
Confirm with . or Enter, or press ? or * to list all spells.
You conjure some foxfire!
The foxfire hits Pikel.
Flame seeps out of Pikel.
Pikel is engulfed in blazing flames.
Flame seeps out of Pikel.
The foxfire hits Pikel.
Flame seeps out of Pikel. ๐Ÿ˜Ž MP[-1]
You lost 1 mp, and now have 4/11 mp.
Casting: Foxfire (safe; 1% risk of failure)
Confirm with . or Enter, or press ? or * to list all spells.
You conjure some foxfire!
The foxfire hits Pikel.
Flame seeps out of Pikel.
The foxfire hits Pikel.
Flame seeps out of Pikel.
Pikel is engulfed in blazing flames.
Flame seeps out of Pikel. ๐Ÿ˜Ž MP[-1]
You lost 1 mp, and now have 3/11 mp.
Casting: Foxfire (safe; 1% risk of failure)
Confirm with . or Enter, or press ? or * to list all spells.
You conjure some foxfire!
The foxfire hits Pikel.
Flame seeps out of Pikel.
The foxfire hits Pikel.
Flame seeps out of Pikel. ๐Ÿ˜Ž MP[-1]
You lost 1 mp, and now have 2/11 mp.
You closely miss Pikel. You peck Pikel, but do no damage.
Pikel is engulfed in blazing flames.
Flame seeps out of Pikel.
Pikel says, "You'll make a fine lemure."
Pikel barely misses you. ๐Ÿ˜Ž MP[+1]
You closely miss Pikel.
Flame seeps out of Pikel.
You peck Pikel.
Pikel is engulfed in blazing flames.
Flame seeps out of Pikel.
Pikel misses you.
You closely miss Pikel. You peck Pikel, but do no damage.
Pikel barely misses you.
Unknown command.
You barely miss Pikel. Your kick misses Pikel. Pikel misses you.
You hit Pikel but do no damage.
Your weapon exudes an aura of protection.
You claw Pikel. Vehumet accepts your kill. The fiery explosion engulfs you!!
Ouch! That really hurt!
* * * LOW HITPOINT WARNING * * *
You are engulfed in blazing flames.
You die...

Skill      XL: |  1  2  3  4  5 |
---------------+----------------+-----
Conjurations   | 2 3 4 5 |  5.4
Fire Magic     | 4 5 |  5.5
Spellcasting   | 3 |  3.2
Dodging        | |  2.1
Stealth        | |  2.0

Action                   |  1- 3 |  4- 6 || total
-------------------------+-------+-------++-------
Melee: Unarmed           |     4 |       ||     4
       Dagger            |     2 |    51 ||    53
       Kick              |     2 |    10 ||    12
       Peck              |     1 |    11 ||    12
 Cast: Foxfire           |    49 |    80 ||   129
       Scorch            |    11 |    43 ||    54
       Inner Flame       |       |     2 ||     2
  Use: Potion            |     1 |     1 ||     2
       Scroll            |     3 |    15 ||    18
Armor: Robe              |     9 |    11 ||    20
Dodge: Dodged            |    38 |    52 ||    90

Levels and vault maps discovered:
D:1:      mainiacjoe_arrival_reflecting_pool, layout_basic,
          dreamdust_mushroom_princess
D:2:      cheibrodos_greedy_goblins, layout_loops_ring,
          ebering_ecumenical_altar_sacrificial, uniq_robin
D:3:      layout_loops_ring, amcnicky_altar_gilded, ebering_ghost_rock_garden,
          serial_shops, shop, minmay_circle_x
D:4:      layout_loops_corners, zin_angel
D:5:      layout_loops_ring, nicolae_gozag_cash_rules_everything_around_me,
          mainiacjoe_overflow_surrounded_room, uniq_pikel, uniq_duvessa

Notes
Turn   | Place    | Note
-------+----------+-------------------------------------------
     0 | D:1      | kae the Tengu Fire Elementalist began the quest for the
                  | Orb.
     0 | D:1      | Reached XP level 1. HP: 10/10 MP: 4/4
     0 | D:1      | magus.rc [v1.11.3]
   101 | D:1      | Reached skill level 2 in Conjurations
   101 | D:1      | Reached XP level 2. HP: 12/15 MP: 1/6
   396 | D:1      | You fall into a shaft and drop 1 floor!
   407 | D:2      | Reached XP level 3. HP: 19/19 MP: 4/7
   420 | D:2      | Learned a level 2 spell: Scorch
   725 | D:1      | Reached skill level 4 in Fire Magic
   835 | D:1      | Learned a level 3 spell: Inner Flame
   854 | D:2      | Found a faded altar of an unknown god.
   861 | D:2      | Noticed Robin
   865 | D:2      | HP: 3/19 [adder (2)]
   870 | D:2      | Reached skill level 3 in Conjurations
   871 | D:2      | HP: 1/19 [hobgoblin[Robin] (3)]
  1089 | D:1      | Reached XP level 4. HP: 18/24 MP: 5/8
  1143 | D:1      | Killed Robin
  2147 | D:2      | Reached skill level 4 in Conjurations
  2147 | D:2      | Gained mutation: Your magical nature lets you fly swiftly
                  | and evasively. [Tengu growth]
  2147 | D:2      | Reached XP level 5. HP: 22/28 MP: 4/10
  2339 | D:3      | Found a radiant altar of Vehumet.
  2379 | D:3      | Became a worshipper of Vehumet
  2409 | D:3      | Found a runed translucent gate.
  2409 | D:3      | Found a runed translucent gate.
  2411 | D:3      | Found a runed translucent gate.
  2703 | D:3      | You pick up a book of Weapons and begin reading...
  2703 | D:3      | You add the spells Tukima's Dance, Portal Projectile and
                  | Blade Hands to your library.
  2782 | D:3      | Found Yhiokh's Magic Scroll Boutique.
  2794 | D:3      | Bought a scroll of identify for 24 gold pieces
  2794 | D:3      | Bought a scroll of blinking for 90 gold pieces
  2947 | D:3      | Reached skill level 3 in Spellcasting
  2947 | D:3      | Reached skill level 5 in Fire Magic
  3024 | D:3      | Noticed HoaS's ghost (amateur KoHu)
  3105 | D:3      | Reached * piety under Vehumet
  3105 | D:3      | Offered knowledge of Sandblast by Vehumet.
  3300 | D:4      | Reached skill level 5 in Conjurations
  3300 | D:4      | Reached XP level 6. HP: 32/32 MP: 8/11
  3497 | D:4      | Found a glowing silver altar of Zin.
  3498 | D:4      | Noticed an angel
  3935 | D:4      | Identified the +9 quarterstaff "Pekkuur" {vorpal, rPois
                  | Will- Str+7 Int+2}
  4354 | D:4      | Learned a level 4 spell: Flame Wave
  4369 | D:5      | Entered Level 5 of the Dungeon
  4392 | D:5      | Noticed Pikel
  4418 | D:4      | HP: 7/32 [Pikel/+1 whip of electrocution (8)]
  4702 | D:5      | HP: 8/32 [poisoned by you (poison gas)]
  4710 | D:5      | HP: 7/32 [phantom (3)]
  4735 | D:5      | HP: 8/32 [lemure[Pikel] (4)]
  4874 | D:4      | Killed Pikel
  4874 | D:4      | HP: 3/32 [spore (29)]
  4874 | D:4      | Engulfed by a cloud of flame

Vanquished Creatures
  Pikel (D:4)
  2 lemures (D:5)
  3 orc priests
  An iguana (D:4)
  Robin (D:1)
  4 gnolls
  6 adders
  An ufetubus (D:5)
  A worm (D:3)
  2 dart slugs
  8 orcs
  7 ball pythons
  6 endoplasms
  6 giant cockroaches
  20 goblins
  14 hobgoblins
  A jackal (D:3)
  3 kobolds
  4 quokkas
  2 bats
  3 frilled lizards
  7 rats
103 creatures vanquished.

Vanquished Creatures (collateral kills)
  2 foxfires (D:1)
2 creatures vanquished.

Vanquished Creatures (others)
  208 foxfires
  5 fungi (D:1)
213 creatures vanquished.

Grand Total: 318 creatures vanquished

Table legend:
 A = Non-vault XP
 B = Vault XP
 C = Vault XP percentage of total XP
 D = Non-vault monster count
 E = Vault monster count
 F = Vault count percentage of total count
                 A         B        C        D         E       F
            +---------+---------+-------+---------+---------+-------
      Total |     411 |     764 |  65.0 |      71 |      30 |  29.7
            +---------+---------+-------+---------+---------+-------
        D:1 |      42 |      30 |  41.7 |      24 |       9 |  27.3
        D:2 |      59 |      28 |  32.2 |      14 |      14 |  50.0
        D:3 |     133 |      21 |  13.6 |      19 |       6 |  24.0
        D:4 |     156 |     685 |  81.5 |      12 |       1 |   7.7
        D:5 |      21 |       0 |   0.0 |       2 |       0 |   0.0
            +---------+---------+-------+---------+---------+-------

Illustrated notes

Table legend:
 A = Kills in this place as a percentage of kills in entire the game.
 B = Kills by you in this place as a percentage of kills by you in the entire game.
 C = Kills by friends in this place as a percentage of kills by friends in the entire game.
 D = Other kills in this place as a percentage of other kills in the entire game.
 E = Experience gained in this place as a percentage of experience gained in the entire game.
 F = Experience gained in this place divided by the number of levels of this place that you have seen.
                   A       B       C       D       E      F
               +-------+-------+-------+-------+-------+----------------------
         Total | 100.0 | 100.0 |   N/A |   N/A | 100.0 | 235.0
       Dungeon | 100.0 | 100.0 |   N/A |   N/A | 100.0 | 235.0
               +-------+-------+-------+-------+-------+----------------------

Table legend: (Time is in decaauts)
 A = Elapsed time spent in this place.
 B = Non-inter-level travel time spent in this place.
 C = Inter-level travel time spent in this place.
 D = Time resting spent in this place.
 E = Time spent auto-exploring this place.
 F = Levels seen in this place.
 G = Mean time per level.
                   A        B        C        D        E       F      G
               +--------+--------+--------+--------+--------+-----+--------+
         Total |   4707 |   4537 |    170 |    505 |   3153 |   5 |  941.4 |
       Dungeon |   4707 |   4537 |    170 |    505 |   3153 |   5 |  941.4 |
               +--------+--------+--------+--------+--------+-----+--------+

Top non-repeatable levels by time:
     D:4: 1261 daAuts
     D:1: 1123 daAuts
     D:2: 1085 daAuts
     D:3: 1025 daAuts
     D:5: 212 daAuts
